 Dungeon Crawl Stone Soup version 0.30-a0-830-gfe289a77b0 (webtiles) character file.

Game seed: 7155720443549651285

151 BigDaddyOpFi the Trooper (level 5, 0/47 HPs)
             Began as a Hill Orc Fighter on Feb 28, 2023.
             Slain by an ogre
             ... wielding a +0 giant club
              (27 damage)
             ... on level 4 of the Dungeon.
             The game lasted 00:02:26 (2589 turns).

BigDaddyOpFi the Trooper (Hill Orc Fighter)         Turns: 2589, Time: 00:02:27

Health: 0/47       AC: 11    Str: 21    XL:     5   Next: 33%
Magic:  5/5        EV: 12    Int:  8    God:
Gold:   937        SH:  5    Dex: 10    Spells: 4/4 levels left

rFire   . . .      SeeInvis .    a - +0 war axe
rCold   . . .      Faith    .    c - +1 buckler
rNeg    . . .      Spirit   .    r - +0 chain mail
rPois   .          Reflect  .    f - +0 helmet
rElec   .          Harm     .    (no cloak)
rCorr   .          Rampage  .    (no gloves)
Will    .....                    n - +0 pair of boots Stlth
                                 m - amulet of regeneration
HPRegen 1.07/turn                q - +5 ring of evasion
MPRegen 0.09/turn                (no ring)

@: no status effects
A: no striking features
a: no special abilities


You were on level 4 of the Dungeon.
You visited 1 branch of the dungeon, and saw 4 of its levels.

You collected 937 gold pieces.

Inventory:

Hand Weapons
 a - a +0 war axe (weapon)
Armour
 c - a +1 buckler (worn)
 f - a +0 helmet (worn)
 n - a +0 pair of boots (worn)
 r - a +0 chain mail (worn)
Jewellery
 j - the ring of Fedhas's Esteem {+Blink rF+ rCorr Str-3}
   (You found it on level 2 of the Dungeon)

   [ring of protection from fire]

   Str:       It affects your strength (-3).
   rF:        It protects you from fire.
   +Blink:    It lets you blink.
   rCorr:     It protects you from acid and corrosion.
 m - an amulet of regeneration (around neck)
 q - a +5 ring of evasion (left hand)
Scrolls
 b - a scroll of amnesia {unknown}
 k - a scroll of enchant weapon {unknown}
 s - a scroll of immolation {unknown}
 t - a scroll of brand weapon {unknown}
 v - a scroll of silence {unknown}
Potions
 d - 2 potions of might
 e - a potion of invisibility {unknown}
 g - a potion of haste {unknown}
 h - a potion of cancellation {unknown}
 i - a potion of heal wounds {unknown}
 l - 2 potions of flight {unknown}
 p - a potion of lignification {unknown}
 u - a potion of mutation {unknown}


   Skills:
 + Level 4.7 Fighting
 + Level 4.1 Axes
 + Level 4.3 Armour
 + Level 4.2 Shields


You had 4 spell levels left.
You didn't know any spells.
Your spell library contained the following spells:

 Spells                   Type           Power      Damage    Failure   Level
 Freeze                   Ice            0%         1d3       99%         1
 Sting                    Tmut/Pois      0%         1d3       99%         1
 Poisonous Vapours        Pois/Air       0%         N/A       100%        2
 Frozen Ramparts          Ice            0%         1d1       100%        3
 Hailstorm                Conj/Ice       0%         3d3       100%        3
 Ice Form                 Ice/Tmut       0%         N/A       100%        4
 Olgreb's Toxic Radiance  Pois           0%         N/A       100%        4
 Simulacrum               Ice/Necr       0%         N/A       100%        6


Dungeon Overview and Level Annotations

Branches:
Dungeon (4/15)
 Temple: D:4-7

Altars:
Cheibriados
Gozag

Annotations:
D:3 3 runed translucent doors, Pimp's ghost, weakling DsBe


Message History

The orc is moderately wounded.
The orc barely misses you.
An orc is nearby!
You slash the orc!
You kill the orc!
No target in view!
No target in view!
Things that are here:
a +0 dagger; a +0 ring mail; an orc corpse
v - a scroll labelled QIAQICK OQUIPP No target in view!
Found a ring mail.
No target in view!
Found a snail-covered altar of Cheibriados.
No target in view!
An ogre comes into view. It is wielding a +0 giant club.
The ogre shouts!
An endoplasm comes into view.
The endoplasm quivers.
The ogre hits you with a +0 giant club!!
You see here a +0 ring mail.
There are monsters nearby!
You slash the ogre!
The ogre is moderately wounded.
The ogre hits you with a +0 giant club!!
Ouch! That really hurt!
* * * LOW HITPOINT WARNING * * *
There are monsters nearby!
You are too injured to fight recklessly!
It was a potion of curing.
You feel better. The endoplasm freezes you.
You are frozen.
* * * LOW HITPOINT WARNING * * *
The ogre closely misses you.
Okay, then.
You feel better. The endoplasm barely misses you.
You feel better.
The ogre hits you with a +0 giant club!!
Ouch! That really hurt!
You die...

### ### #.. ..# #.# #.#
####.#####.# ###
#.......##.###....
#.##.##...J.......
#######.#...####@..≈.8.≈
.....##......# #O..≈...≈
#......#....## #...≈≈.≈≈
#.##.##.##.........≈≈.≈≈
#.##.#####.#######.§≈.≈≈
.....# #.# .≈≈_§§ #)####
#+# .≈≈§≈≈ #.# ..≈≈≈.
#.#


You could see an ogre and an endoplasm.

Vanquished Creatures
  7 adders
  2 worms
  A dart slug (D:2)
  An orc (D:4)
  6 bats
  9 endoplasms
  A giant cockroach (D:3)
  8 hobgoblins
  11 jackals (D:1)
  4 kobolds
  2 quokkas (D:2)
  5 ball pythons
  7 frilled lizards
  6 goblins
  4 rats (D:1)
74 creatures vanquished.

Notes
Turn   | Place    | Note
-------+----------+-------------------------------------------
     0 | D:1      | BigDaddyOpFi the Hill Orc Fighter began the quest for the
                  | Orb.
     0 | D:1      | Reached XP level 1. HP: 19/19 MP: 1/1
    34 | D:1      | Reached XP level 2. HP: 27/27 MP: 2/2
   253 | D:1      | Reached XP level 3. HP: 26/33 MP: 3/3
   982 | D:2      | Found a faded altar of an unknown god.
  1033 | D:2      | Identified the ring of Fedhas's Esteem {+Blink rF+ rCorr
                  | Str-3}
  1061 | D:2      | Reached XP level 4. HP: 29/40 MP: 4/4
  1544 | D:3      | Reached XP level 5. HP: 46/47 MP: 5/5
  1562 | D:3      | Identified a scroll of acquirement
  1562 | D:3      | Acquired 746 gold pieces
  2103 | D:3      | Found a runed translucent gate.
  2103 | D:3      | Found an opulent altar of Gozag.
  2104 | D:3      | Found a runed translucent gate.
  2104 | D:3      | Found a runed translucent gate.
  2108 | D:3      | Noticed Pimp's ghost (weakling DsBe)
  2583 | D:4      | Found a snail-covered altar of Cheibriados.
  2584 | D:4      | Noticed an ogre
  2589 | D:4      | Slain by an ogre

Illustrated notes

Levels and vault maps discovered:
D:1:      dpeg_arrival_stonehenge_8_columns, layout_basic,
          chequers_serial_rivers_marsh, chequers_serial_rivers_large_b
D:2:      layout_rooms, basic_ecumenical_altar, kennysheep_generic_room_7
D:3:      layout_basic, ebering_ghost_gozag, st_stairs_3
D:4:      layout_loops_corners, mainiacjoe_overflow_catwalk,
          kennysheep_pointless_box

Skill      XL: |  1  2  3  4 |
---------------+-------------+-----
Axes           | 3 4 |  4.1
Fighting       | 4 |  4.7
Armour         | 4 |  4.3
Shields        | 4 |  4.2

Action                     |  1- 3 |  4- 6 || total
---------------------------+-------+-------++-------
  Melee: War axe           |    95 |   102 ||   197
    Use: Scroll            |       |     3 ||     3
         Potion            |       |     3 ||     3
 Armour: Scale mail        |    62 |    57 ||   119
         Chain mail        |       |     2 ||     2
  Dodge: Dodged            |    64 |    51 ||   115
  Block: Buckler           |    28 |    29 ||    57

Table legend: (Time is in decaauts)
 A = Elapsed time spent in this place.
 B = Non-inter-level travel time spent in this place.
 C = Inter-level travel time spent in this place.
 D = Time resting spent in this place.
 E = Time spent auto-exploring this place.
 F = Levels seen in this place.
 G = Mean time per level.
                   A        B        C        D        E       F      G
               +--------+--------+--------+--------+--------+-----+--------+
         Total |   2686 |   2585 |    101 |    282 |   1801 |   4 |  671.5 |
       Dungeon |   2686 |   2585 |    101 |    282 |   1801 |   4 |  671.5 |
               +--------+--------+--------+--------+--------+-----+--------+

Top non-repeatable levels by time:
     D:1: 1040 daAuts
     D:3: 869 daAuts
     D:2: 558 daAuts
     D:4: 217 daAuts
